 Dungeon Crawl Stone Soup version 0.28-a0-664-gc179e30c89 (webtiles) character file.

Game seed: 1191117288261362549

144 Wallenstein the Chopper (level 5, -2/70 HPs)
             Began as a Minotaur Berserker on Oct 16, 2021.
             Was a Believer of Trog.
             Slain by a wight (7 damage)
             ... on level 3 of the Dungeon.
             The game lasted 00:12:12 (1194 turns).

Wallenstein the Chopper (Minotaur Berserker)        Turns: 1194, Time: 00:12:12

Health: -2/70      AC:  3    Str: 23    XL:     5   Next: 5%
Magic:  4/4        EV: 12    Int:  4    God:    Trog [**....]
Gold:   95         SH:  0    Dex:  9    Spells: 4/4 levels left

rFire   . . .      SeeInvis .   e - +0 hand axe
rCold   . . .      Faith    .   (no shield)
rNeg    . . .      Spirit   .   b - +0 animal skin
rPois   .          Reflect  .   (helmet restricted)
rElec   .          Harm     .   (no cloak)
rCorr   .          Rampage  .   f - +0 pair of gloves
Will    .....                   (no boots)
Stlth   ..........              (no amulet)
HPRegen 0.21/turn               (no ring)
MPRegen 0.09/turn               (no ring)

@: berserking, very quick
A: horns 2, retaliatory headbutt
a: Renounce Religion, Berserk, Trog's Hand


You were on level 3 of the Dungeon.
You worshipped Trog.
Trog was pleased with you.
You visited 1 branch of the dungeon, and saw 3 of its levels.

You collected 95 gold pieces.

Inventory:

Hand Weapons
 a - a +0 hand axe
 e - a +0 hand axe (weapon)
 h - a +1 great sword of freezing
Missiles
 c - 3 stones (quivered)
Armour
 b - a +0 animal skin (worn)
 f - a +0 pair of gloves (worn)
Scrolls
 d - 2 scrolls of amnesia {unknown}
 g - a scroll of teleportation {unknown}


   Skills:
 + Level 4.6 Fighting
 * Level 5.1 Axes
 + Level 3.3 Armour
 + Level 3.2 Dodging


You had 4 spell levels left.
You didn't know any spells.
Your spell library contained the following spells:

 Spells                   Type           Power      Damage    Failure   Level
 Animate Skeleton         Necr           0%         N/A       50%         1
 Apportation              Tloc           0%         N/A       50%         1
 Summon Small Mammal      Summ           0%         N/A       50%         1


Dungeon Overview and Level Annotations

Branches:
Dungeon (3/15)

Altars:
Zin


Innate Abilities, Weirdness & Mutations

You have a pair of horns on your head.
You reflexively headbutt those who attack you in melee.


Message History

The wight barely misses you.
You hit the wight. Your headbutt misses the wight.
The wight is lightly damaged.
The wight closely misses you.
You hit the wight but do no damage. You headbutt the wight.
The wight is lightly damaged.
The wight hits you with a +2 halberd.
* * * LOW HITPOINT WARNING * * *
You feel drained.
A red film seems to cover your vision as you go berserk!
You feel yourself moving faster!
You feel mighty! The wight hits you with a +2 halberd.
* * * LOW HITPOINT WARNING * * *
You closely miss the wight. Your headbutt misses the wight.
The wight is lightly damaged.
The wight misses you.
You closely miss the wight. Your headbutt misses the wight.
The wight is lightly damaged.
The wight closely misses you.
You closely miss the wight.
The wight is lightly damaged.
You completely miss the wight.
You headbutt the wight, but do no damage.
The wight is lightly damaged.
The wight completely misses you.
You hit the wight but do no damage.
The wight is lightly damaged.
The wight completely misses you.
You slash the wight! You headbutt the wight.
You destroy the wight!
Trog accepts your kill.
Your life force feels restored.
Your Axes skill increases to level 5!
You have reached level 5!
You hit the wight. Your headbutt misses the wight.
The wight is moderately damaged.
You closely miss the wight.
The wight is moderately damaged.
The wight hits you with a +4 war axe!
You die...

#.# ## ..# .#
#.. .#..#
#.#.# #)#.#
#.[##
#)..########..
#.#..@z.......
#...#####.....
#...<..# #.#
#.#####.# #. #
#. #.


You could see a wight.

Vanquished Creatures
  2 wights (D:3)
  2 adders (D:2)
  2 dart slugs
  An orc (D:3)
  3 bats
  An endoplasm (D:2)
  4 goblins
  4 hobgoblins
  5 jackals (D:2)
  4 ball pythons
  3 frilled lizards
  5 kobolds
  5 rats
41 creatures vanquished.

Vanquished Creatures (others)
  A fungus (D:3)
  A plant (D:3)
2 creatures vanquished.

Grand Total: 43 creatures vanquished

Notes
Turn   | Place    | Note
-------+----------+-------------------------------------------
     0 | D:1      | Wallenstein the Minotaur Berserker began the quest for the
                  | Orb.
     0 | D:1      | Reached XP level 1. HP: 19/19 MP: 0/0
    88 | D:1      | Reached XP level 2. HP: 24/27 MP: 1/1
   193 | D:1      | Reached skill level 4 in Axes
   419 | D:2      | Found a glowing silver altar of Zin.
   427 | D:2      | Reached XP level 3. HP: 33/33 MP: 2/2
   427 | D:2      | Reached ** piety under Trog
  1171 | D:3      | Reached XP level 4. HP: 35/41 MP: 3/3
  1193 | D:3      | Reached skill level 5 in Axes
  1193 | D:3      | Reached XP level 5. HP: 5/47 MP: 4/4
  1194 | D:3      | Slain by a wight

Illustrated notes

Levels and vault maps discovered:
D:1:      amcnicky_arrival_blooded_trapdoor, layout_basic, minmay_hedge_maze
D:2:      layout_basic, serial_glass, glass_columns_a, glass_columns_a,
          basic_altar
D:3:      minmay_roachtagon, layout_loops_ring, mainiacjoe_overflow_alcove_2,
          shapermc_ecumenical_altar_mp_urbaneastern

Skill      XL: |  1  2  3  4 |
---------------+-------------+-----
Fighting       | 4 |  4.6
Axes           | 4 5 |  5.1
Armour         | 3 |  3.3
Dodging        | 3 |  3.2

Action                   |  1- 3 |  4- 6 || total
-------------------------+-------+-------++-------
Melee: Hand axe          |    65 |    11 ||    76
       Headbutt          |    10 |     3 ||    13
Invok: Berserk           |       |     1 ||     1
 Stab: Sleeping          |     1 |       ||     1
Armor: Animal skin       |     8 |       ||     8
Dodge: Dodged            |    47 |     8 ||    55

Table legend: (Time is in decaauts)
 A = Elapsed time spent in this place.
 B = Non-inter-level travel time spent in this place.
 C = Inter-level travel time spent in this place.
 D = Time resting spent in this place.
 E = Time spent auto-exploring this place.
 F = Levels seen in this place.
 G = Mean time per level.
                   A        B        C        D        E       F      G
               +--------+--------+--------+--------+--------+-----+--------+
         Total |   1197 |   1170 |     27 |    103 |    622 |   3 |  399.0 |
       Dungeon |   1197 |   1170 |     27 |    103 |    622 |   3 |  399.0 |
               +--------+--------+--------+--------+--------+-----+--------+

Top non-repeatable levels by time:
     D:2: 914 daAuts
     D:1: 249 daAuts
     D:3: 34 daAuts
